Map: Automaton LE

Players

Grimreaper - Winner!

  • Race: Protoss Protoss
  • Spawn Location: 9:00

VOD

Have the link to the VOD?

Description

Time

  • Played on: Jan. 19, 2019, 12:47 a.m.
  • Length: 11:51
Show
View Real Time Build Order
Export as new Build Order

Grimreaper Protoss - Winner!

Build Orders:  

Get SALT Encoding   

  12  0:01  Probe (Chrono Boost)  
  13  0:12  Probe (Chrono Boost)  
  14  0:25  Probe (Chrono Boost)  
  15  0:39  Pylon  
  15  0:55  Assimilator  
  15  0:58  Assimilator  
  15  1:07  Probe (Chrono Boost)  
  16  1:24  Forge, Probe (Chrono Boost)  
  18  1:41  Probe (Chrono Boost)  
  18  1:42  Gateway  
  18  2:09  Probe (Chrono Boost)  
  18  2:19  Photon Cannon  
  19  2:20  Probe (Chrono Boost)  
  19  2:21  Photon Cannon  
  20  2:46  Photon Cannon  
  20  2:50  Pylon  
  20  3:01  Probe (Chrono Boost)  
  20  3:02  Pylon  
  21  3:12  Zealot, Probe (Chrono Boost)  
  24  3:38  Cybernetics Core  
  24  3:49  Probe (Chrono Boost)  
  25  3:50  Zealot  
  27  4:06  Probe (Chrono Boost)  
  27  4:08  Gateway  
  28  4:27  Zealot  
  30  4:49  Pylon  
  30  4:52  Stalker  
  30  4:59  Gateway  
  32  5:25  Shield Battery  
  32  5:31  Shield Battery  
  32  5:34  Stalker  
  32  5:39  Stalker  
  36  5:54  Stargate  
  36  6:06  Robotics Facility  
  36  6:08  Warp Gate  
  36  6:58  Nexus  
  36  6:59  Oracle  
  39  7:09  Pylon  
  39  7:35  Sentry  
  39  7:37  Stalker x2  
  45  7:48  Probe (Chrono Boost)  
  46  8:02  Probe (Chrono Boost)  
  47  8:13  Probe (Chrono Boost)  
  48  8:25  Probe (Chrono Boost)  
  50  8:41  Probe (Chrono Boost)  
  50  8:58  Probe (Chrono Boost)  
  51  9:40  Probe (Chrono Boost)  
  51  9:45  Probe (Chrono Boost)  
  53  9:51  Probe (Chrono Boost)  
  53  9:56  Probe (Chrono Boost)  
  55  10:05  Nexus, Probe (Chrono Boost)  
  55  10:09  Probe (Chrono Boost)  
  58  10:22  Probe (Chrono Boost)  
  58  10:25  Nexus  
  58  10:26  Probe (Chrono Boost)  
  59  10:39  Probe (Chrono Boost)  
  60  10:43  Probe (Chrono Boost)  
Tags
 
Matchup
Co-op
Replay Pack
Multiplayer
Add a new tag
Caveats
  • Supply blocks, unpowered buildings, or Contaminate may cause inaccurate times.
  • Supply counts are checked every 10 seconds.